 Dungeon Crawl Stone Soup version 0.14-a0-2443-g5aee772 (webtiles) character file.

1194 Herrn the Skirmisher (level 7, -3/64 HPs)
             Began as a Djinni Fighter on Feb 5, 2014.
             Slain by Sigmund
             ... wielding a +2,+2 scythe
              (13 damage)
             ... on Level 5 of the Dungeon.
             The game lasted 00:20:23 (4398 turns).

Herrn the Skirmisher (Djinni Fighter)               Turns: 4398, Time: 00:20:24

HP  -3/64        AC  9     Str 21      XL: 7   Next: 99%
MP   0/0         EV 10     Int  8      God:
Gold 198         SH 20     Dex 20      Spells:  0 memorised,  6 levels left

rFire  + + +     SeeInvis .     m - +0,+2 whip (curse)
rCold  . . .     Clarity  .     r - +0 elf chain mail
rNeg   + + +     Conserve .     c - +0 shield (curse)
rPois  .         rCorr    .     (no helmet)
rElec  .         rRot     .     (no cloak)
SustAb . .       Spirit   .     (no gloves)
rMut   .         Warding  .     (boots unavailable)
Saprov . . .     Stasis   .     (no amulet)
MR     .....                    v - ring of protection from cold
                                o - ring of teleport control

@: mighty, agile, flying, not resistant to hostile enchantments, extremely
unstealthy
A: fire immunity, cold vulnerability, life protection 3
a: Evoke Teleport Control


You were on level 5 of the Dungeon.
You were not hungry.

You visited 1 branch of the dungeon, and saw 5 of its levels.
You also visited: Ossuary.

You collected 198 gold pieces.

Inventory:

Hand weapons
 m - a cursed +0,+2 whip (weapon)
 y - a cursed +0,+0 flail
Armour
 c - a cursed +0 shield (worn)
 r - a +0 elven chain mail (worn)
Magical devices
 g - a wand of frost (0)
 n - a wand of cold (5) {unknown}
 w - a wand of magic darts (4)
Scrolls
 a - 2 scrolls of remove curse
 e - a scroll of enchant armour
 f - a scroll of noise {unknown}
 h - 2 scrolls of recharging
 i - 2 scrolls of fog
 l - a scroll of magic mapping
 q - 2 scrolls of blinking
Jewellery
 j - an uncursed ring of protection from fire {unknown}
 k - a cursed -3,-3 ring of slaying {unknown}
 o - a ring of teleport control (left hand)
 v - a ring of protection from cold (right hand)
Potions
 d - 3 potions of curing
 u - 2 potions of might


   Skills:
 * Level 6.4 Fighting
 + Level 5.8 Maces & Flails
 - Level 3.2 Armour
 - Level 3.0 Shields
 * Level 4.2 Evocations


You had 6 spell levels left.
You didn't know any spells.

Dungeon Overview and Level Annotations

Branches:
Dungeon (5/16)
 Temple: D:4-7

Altars:
Nemelex Xobeh
Vehumet

Shops:
D:4 *

Annotations:
D:5 Sigmund


Innate Abilities, Weirdness & Mutations

You are immune to all types of fire, even holy and hellish.
You are vulnerable to cold.
You need no food.
You have no legs.
You are immune to negative energy.


Message History

Sigmund flickers and vanishes!
Deactivating autopickup; reactivate with Ctrl-A.
You see here a bat corpse.
Your chain mail prevents you from hitting something.
Something hits you.
You closely miss something.
Your shield and chain mail prevent you from hitting something.
You hit something. Something hits you!
* * * LOW HITPOINT WARNING * * *
Your shield and chain mail prevent you from hitting something.
Something completely misses you.
You whack something! You closely miss something.
You hear some strange, mumbled words.
You block the puff of flame.
You hit something. Something hits you.
* * * LOW HITPOINT WARNING * * *
You whack something! You miss something. Something hits you!
You die...

#.)...# #.# #.###.##
#.# #.#
#..#####.######.#
#.###........<......#
#.....##.########...#
##'######## #
▓▓▓▓▓▓▓...▓▓▓▓▓▓▓
▓⌠...⌠▓...▓⌠%..⌠▓
▓....?▓...▓.@...▓
▓..[..▓...▓.....▓
▓.....▓._.▓.....▓
▓⌠.©.⌠▓§.§▓⌠.©.⌠▓
▓▓▓▓▓▓▓###▓▓▓▓▓▓▓


There were no monsters in sight!

Vanquished Creatures
  Grinder (D:4)
  A yak (D:5)
  A phantom (D:4)
  An ogre (D:4)
  Duvessa (D:4)
  Dowan (D:4)
  A crimson imp (D:4)
  4 water moccasin zombies (Ossuary)
  A worker ant (D:4)
  A big kobold zombie (Ossuary)
  2 mummies (Ossuary)
  3 adders
  A giant mite (D:2)
  6 adder zombies (Ossuary)
  2 orc skeletons (D:4)
  3 giant geckos
  An ooze (D:4)
  2 orcs (D:4)
  2 ball pythons
  6 bats
  A gnoll zombie (Ossuary)
  9 hobgoblins
  10 kobolds
  A quokka (D:3)
  5 giant cockroaches
  A giant gecko skeleton (D:4)
  4 giant newts
  5 goblins
  A hobgoblin skeleton (D:4)
  4 hobgoblin zombies (Ossuary)
  6 jackals
  4 kobold zombies (Ossuary)
  5 orc zombies (Ossuary)
  6 rats (D:1)
103 creatures vanquished.

Notes
Turn   | Place    | Note
--------------------------------------------------------------
     0 | D:1      | Herrn, the Djinni Fighter, began the quest for the Orb.
     0 | D:1      | Reached XP level 1. HP: 16/16 MP: 0/0
   320 | D:1      | Reached XP level 2. EP: 23/23
  1128 | D:2      | Reached XP level 3. EP: 20/30
  1537 | D:3      | Reached skill level 4 in Fighting
  1637 | D:3      | Found a radiant altar of Vehumet.
  1793 | D:3      | Reached XP level 4. EP: 37/37
  1804 | D:3      | Reached skill level 1 in Evocations
  2263 | D:4      | Noticed a phantom
  2311 | D:4      | Killed a phantom
  2311 | D:4      | Reached XP level 5. EP: 11/44
  2324 | D:4      | Found a sand-covered staircase.
  2467 | Ossuary  | Entered an ossuary
  2543 | Ossuary  | Reached skill level 5 in Fighting
  2584 | Ossuary  | Reached XP level 6. EP: 43/53
  3294 | D:4      | Found Ciuc's General Store.
  3305 | D:4      | Noticed Duvessa
  3305 | D:4      | Noticed Dowan
  3342 | D:4      | Killed Duvessa
  3382 | D:4      | HP: 1/54 [poisoned by Dowan]
  3389 | D:4      | Killed Dowan
  3978 | D:4      | Reached XP level 7. EP: 53/60
  3999 | D:4      | Noticed Grinder
  4046 | D:4      | Paralysed by Grinder for 4 turns
  4066 | D:4      | Killed Grinder
  4066 | D:4      | Reached skill level 6 in Fighting
  4066 | D:4      | Reached skill level 5 in Maces & Flails
  4194 | D:4      | Noticed an ogre
  4201 | D:4      | Killed an ogre
  4339 | D:5      | Entered Level 5 of the Dungeon
  4359 | D:5      | Found a sparkling altar of Nemelex Xobeh.
  4359 | D:5      | Noticed a yak
  4360 | D:5      | Noticed Sigmund
  4386 | D:5      | Killed a yak
  4398 | D:5      | Slain by Sigmund

Action                   |  1- 3 |  4- 6 |  7- 9 || total
-------------------------+-------+-------+-------++-------
Melee: Mace              |   114 |       |       ||   114
       Flail             |    26 |    16 |       ||    42
       Whip              |       |   350 |    82 ||   432
Evoke: Wand              |       |       |     6 ||     6
  Use: Scroll            |       |    14 |       ||    14
       Potion            |       |    10 |     2 ||    12
